 Dungeon Crawl Stone Soup version 0.27.1 (webtiles) character file.

Game seed: 11244220924507496524

570450 Malachi the Gnoll Blade (level 26, -6/216 HPs)
             Began as a Gnoll Arcane Marksman on Aug 25, 2021.
             Was a High Priest of Ashenzari.
             Splashed with acid (10 damage)
             ... on level 1 of the Pits of Slime on Aug 26, 2021.
             The game lasted 02:45:33 (57455 turns).

Malachi the Gnoll Blade (Gnoll Arcane Marksman)    Turns: 57455, Time: 02:45:34

Health: -6/216     AC: 17    Str: 18    XL:     26   Next: 95%
Magic:  0/55       EV: 31    Int: 22    God:    Ashenzari [*****.]
Gold:   6505       SH:  0    Dex: 16    Spells: 33/63 levels left

rFire    + + .     SeeInvis +     - Unarmed
rCold    . . .     Faith    .   (shield currently unavailable)
rNeg     . . .     Spirit   +   (armour currently unavailable)
rPois    ∞         Reflect  .   (helmet currently unavailable)
rElec    +         Harm     .   (cloak currently unavailable)
rCorr    +         Rampage  .   (gloves currently unavailable)
Will     +++..     Clarity  +   (boots currently unavailable)
Stlth    +++++++...             O - amulet "Gnostic Secrets" {Spirit Regen+ Dex+4, Self, Elem} (curse)
HPRegen  1.46/turn              y - ring "Gaze Upon Infinity" {rF++ rCorr MP+9 Slay+3, Melee, Alch} (curse)
MPRegen  0.34/turn              E - ring of the Mage {Wiz Will++ Int+3}

@: storm-form, unable to read, flying, studying 3 skills
A: cleaving, flying, (fangs 1), strong nose, distributed training, strong 1,
inability to read while threatened
}: 3/15 runes: decaying, silver, gossamer
a: Blinkbolt, End Transformation, Renounce Religion, Curse Item, Shatter the
Chains


You were on level 1 of the Pits of Slime.
You worshipped Ashenzari.
Ashenzari was extremely pleased with you.
You were a lightning-filled tempest!
You visited 10 branches of the dungeon, and saw 46 of its levels.
You visited the Abyss 1 time.
You visited 1 bazaar.
You also visited: Bailey, Gauntlet and Ice Cave.

You collected 8392 gold pieces.
You spent 1887 gold pieces at shops.

Inventory:

Hand Weapons
 e - the +7 sceptre of Torment {pain, torment}
   (You found it on level 5 of the Vaults)

   In the hands of one skilled in necromantic magic, it inflicts extra damage on
   living creatures.
   It occasionally torments all nearby living foes when it strikes in combat.
 F - the cursed +8 trident of the Octopus King (melded) {venom, rElec rPois Will+, Fort, Melee}
   (You bought it in a shop on level 2 of the Orcish Mines)

   It poisons the flesh of those it strikes.
   rElec:     It insulates you from electricity.
   rPois:     It protects you from poison.
   Will:      It increases your willpower.
   It has a curse which improves the following skills: Fortitude: Armour and
   Shields.
   Melee Combat: Short Blades, Long Blades, Axes, Maces & Flails, Polearms,
   Staves and Unarmed Combat.
Missiles
 a - 14 silver boomerangs
 b - 113 boomerangs (quivered)
 h - 131 arrows
Armour
 d - the cursed +27 Lear's hauberk (melded) {Cun, Fort}
   (You found it on level 6 of the Dungeon)

   It has a curse which improves the following skills: Cunning: Dodging and
   Stealth.
   Fortitude: Armour and Shields.
 x - the cursed +0 kite shield of the Fated Stickiness (melded) {Elem, Melee}
   (You took it off a gnoll sergeant on level 11 of the Dungeon)

   It has a curse which improves the following skills: Elements: Fire Magic, Ice
   Magic, Air Magic and Earth Magic.
   Melee Combat: Short Blades, Long Blades, Axes, Maces & Flails, Polearms,
   Staves and Unarmed Combat.
 A - the cursed scarf of the Sidereal Seer (melded) {repulsion, Self, Evo}
   (You found it on level 4 of the Spider Nest)

   It has a curse which improves the following skills: Introspection: Fighting
   and Spellcasting.
   Evocations: Evocations.
 P - the +2 pair of boots "Suton" {rN+ Regen+ Int-4}
   (You acquired it on level 5 of the Depths)

   Int:       It affects your intelligence (-4).
   rN:        It protects you from negative energy.
   Regen:     It increases your rate of health regeneration.
 X - a +2 tower shield
Jewellery
 f - a ring of positive energy
 n - an amulet of reflection
 y - the cursed ring "Gaze Upon Infinity" (left hand) {rF++ rCorr MP+9 Slay+3, Melee, Alch}
   (You took it off a tengu reaver on level 5 of the Vaults)

   [ring of resist corrosion]

   Slay:      It affects your accuracy & damage with ranged weapons and melee
   (+3).
   rF:        It greatly protects you from fire.
   MP:        It affects your magic capacity (+9).
   rCorr:     It protects you from acid and corrosion.
   It has a curse which improves the following skills: Melee Combat: Short
   Blades, Long Blades, Axes, Maces & Flails, Polearms, Staves and Unarmed
   Combat.
   Alchemy:   Poison Magic and Transmutations.
 E - the ring of the Mage (right hand) {Wiz Will++ Int+3}
   (You found it on level 3 of the Elven Halls)

   [ring of wizardry]

   It improves your spell success rate.
   Int:       It affects your intelligence (+3).
   Will:      It greatly increases your willpower.
 G - the ring of the Leaf {rPois Str-4 Int+9 Dex+6 SInv}
   (You took it off a yaktaur captain on level 5 of the Vaults)

   [ring of dexterity]

   Str:       It affects your strength (-4).
   Int:       It affects your intelligence (+9).
   Dex:       It affects your dexterity (+6).
   rPois:     It protects you from poison.
   SInv:      It lets you see invisible.
 L - a ring of poison resistance
 M - the ring of Giara {Str+6 Int+3 Dex+4}
   (You acquired it on level 6 of the Lair of Beasts)

   [ring of strength]

   Str:       It affects your strength (+6).
   Int:       It affects your intelligence (+3).
   Dex:       It affects your dexterity (+4).
 O - the cursed amulet "Gnostic Secrets" (around neck) {Spirit Regen+ Dex+4, Self, Elem}
   (You acquired it on level 14 of the Dungeon)

   [amulet of guardian spirit]

   It causes incoming damage to be divided between your reserves of health and
   magic.
   Dex:       It affects your dexterity (+4).
   Regen:     It increases your rate of health regeneration.
   It has a curse which improves the following skills: Introspection: Fighting
   and Spellcasting.
   Elements:  Fire Magic, Ice Magic, Air Magic and Earth Magic.
Wands
 i - a wand of acid (18)
 q - a wand of paralysis (60)
 r - a wand of polymorph (7)
 R - a wand of iceblast (57)
 Y - a wand of digging (6)
Scrolls
 g - 8 scrolls of fog
 j - 12 scrolls of amnesia
 l - 4 scrolls of summoning
 s - 5 scrolls of brand weapon
 w - 4 scrolls of enchant armour
 I - 3 scrolls of fear
 J - 6 scrolls of silence
 Q - 5 scrolls of blinking
 S - 20 scrolls of teleportation
 V - 4 scrolls of enchant weapon
 Z - 4 scrolls of holy word
Potions
 c - 3 potions of might
 m - 10 potions of attraction
 o - 3 potions of haste
 p - 10 potions of flight
 v - 9 potions of ambrosia
 z - 6 potions of cancellation
 C - 2 potions of invisibility
 D - 3 potions of berserk rage
 H - 4 potions of magic
 K - 2 potions of resistance
 T - 11 potions of curing
Miscellaneous
 k - a tin of tremorstones (2/2)
 t - a condenser vane
 u - a box of beasts
 B - a phantom mirror
 N - a phial of floods
 W - a lightning rod (4/4)


   Skills:
 + Level 17.3(19.4) Fighting
 + Level 17.1(19.2) Short Blades
 + Level 21.8(23.6) Long Blades
 + Level 17.1(19.2) Axes
 + Level 17.1(19.2) Maces & Flails
 + Level 17.1(19.2) Polearms
 + Level 17.1(19.2) Staves
 + Level 17.1 Slings
 + Level 17.6 Bows
 + Level 17.1 Crossbows
 + Level 17.1 Throwing
 + Level 17.1 Armour
 + Level 20.5 Dodging
 + Level 17.1 Stealth
 + Level 17.1 Shields
 + Level 17.1(19.2) Unarmed Combat
 + Level 17.3(19.4) Spellcasting
 + Level 14.8 Conjurations
 + Level 15.5 Hexes
 + Level 14.8 Summonings
 + Level 14.8 Necromancy
 + Level 14.8 Translocations
 + Level 14.8(17.0) Transmutations
 + Level 14.8(17.0) Fire Magic
 + Level 14.8(17.0) Ice Magic
 + Level 14.8(17.0) Air Magic
 + Level 14.8(17.0) Earth Magic
 + Level 14.8(17.0) Poison Magic
 + Level 21.6 Invocations
 + Level 17.1 Evocations


You had 33 spell levels left.
You knew the following spells:

 Your Spells              Type           Power      Damage    Failure   Level
a - Wereblood             Tmut           77%        N/A       0%          2
b - Storm Form            Tmut/Air       38%        N/A       1%          7
c - Freezing Cloud        Conj/Ice/Air   37%        6-21      1%          5
d - Olgreb's Toxic Radia  Pois           77%        N/A       0%          4
e - Statue Form           Tmut/Erth      51%        N/A       1%          6
f - Death Channel         Necr           36%        N/A       1%          6

Your spell library contained the following spells:

 Spells                   Type           Power      Damage    Failure   Level
 Animate Skeleton         Necr           100%       N/A       0%          1
 Apportation              Tloc           100%       N/A       0%          1
 Beastly Appendage        Tmut           100%       N/A       0%          1
 Corona                   Hex            82%        N/A       0%          1
 Foxfire                  Conj/Fire      100%       2x1d9     0%          1
 Pain                     Necr           100%       1d9       0%          1
 Shock                    Conj/Air       100%       1d9       0%          1
 Sting                    Tmut/Pois      100%       1d8       0%          1
 Summon Small Mammal      Summ           100%       N/A       0%          1
 Blink                    Tloc           N/A        N/A       0%          2
 Corpse Rot               Necr/Air       N/A        N/A       0%          2
 Ensorcelled Hibernation  Hex/Ice        100%       N/A       0%          2
 Passwall                 Tmut/Erth      64%        N/A       0%          2
 Poisonous Vapours        Pois/Air       100%       N/A       0%          2
 Slow                     Hex            74%        N/A       0%          2
 Confusing Touch          Hex            74%        N/A       0%          3
 Conjure Flame            Conj/Fire      75%        6-21      0%          3
 Dazzling Flash           Conj/Hex       100%       N/A       0%          3
 Gell's Gravitas          Tloc           36%        N/A       0%          3
 Inner Flame              Hex/Fire       75%        N/A       0%          3
 Lesser Beckoning         Tloc           36%        N/A       0%          3
 Portal Projectile        Hex/Tloc       100%       N/A       0%          3
 Spider Form              Tmut/Pois      38%        N/A       0%          3
 Stone Arrow              Conj/Erth      100%       3d13      0%          3
 Summon Guardian Golem    Hex/Summ       73%        N/A       0%          3
 Swiftness                Air            77%        N/A       0%          3
 Teleport Other           Tloc           72%        N/A       0%          3
 Tukima's Dance           Hex            74%        N/A       0%          3
 Vampiric Draining        Necr           36%        2d11      0%          3
 Airstrike                Air            38%        N/A       0%          4
 Petrify                  Tmut/Erth      77%        N/A       0%          4
 Animate Dead             Necr           36%        N/A       1%          4
 Cause Fear               Hex            37%        N/A       1%          4
 Iskenderun's Mystic Bla  Conj/Tloc      72%        2d15      1%          4
 Passage of Golubria      Tloc           N/A        N/A       1%          4
 Summon Ice Beast         Ice/Summ       75%        N/A       1%          4
 Summon Lightning Spire   Summ/Air       75%        N/A       1%          4
 Agony                    Necr           72%        N/A       1%          5
 Bolt of Magma            Conj/Fire/Erth 37%        4d16      1%          5
 Borgnjor's Vile Clutch   Necr/Erth      37%        N/A       1%          5
 Excruciating Wounds      Necr           36%        N/A       1%          5
 Lightning Bolt           Conj/Air       37%        1d56      1%          5
 Manifold Assault         Tloc           72%        N/A       1%          5
 Metabolic Englaciation   Hex/Ice        37%        N/A       1%          5
 Summon Mana Viper        Hex/Summ       73%        N/A       1%          5
 Yara's Violent Unravell  Hex/Tmut       37%        3d15      1%          5
 Conjure Ball Lightning   Conj/Air       37%        3x3d12    1%          6
 Dispersal                Tloc           36%        N/A       1%          6
 Invisibility             Hex            37%        N/A       1%          6
 Iron Shot                Conj/Erth      37%        9d7       1%          6
 Shadow Creatures         Summ           N/A        N/A       1%          6
 Starburst                Conj/Fire      37%        6d11      1%          6
 Monstrous Menagerie      Summ           36%        N/A       1%          7
 Orb of Destruction       Conj           36%        9d13      1%          7
 Spellforged Servitor     Conj/Summ      36%        N/A       1%          7
 Discord                  Hex            37%        N/A       11%         8
 Disjunction              Tloc           36%        N/A       14%         8
 Shatter                  Erth           38%        3d30*     61%         9


Dungeon Overview and Level Annotations

Branches:
Dungeon (15/15)            Temple (1/1) D:4            Lair (6/6) D:11
  Swamp (4/4) Lair:3       Spider (4/4) Lair:2        Slime (1/5) Lair:6
    Orc (2/2) D:10            Elf (3/3) Orc:2        Vaults (5/5) D:14
  Crypt (0/3) Vaults:3     Depths (5/5) D:15            Zot (0/5) Depths:5
 Bailey (visited)           IceCv (visited)         Gauntlet (visited)

Altars:
Ashenzari
Cheibriados
Dithmenos
Elyvilon
Fedhas
Gozag
Hepliaklqana
Kikubaaqudgha
Makhleb
Nemelex Xobeh
Okawaru
Qazlal
Ru
Sif Muna
Trog
Uskayaw
Vehumet
Wu Jian
Xom
Yredelemnul
Zin
The Shining One

Shops:
D:6 [   Orc:1 [   Orc:2 ((?(   Elf:1 (   Elf:3 (   Depths:1 *   Depths:2 (
Depths:4 *

Portals:
Hell: Depths:1 Depths:2 Depths:3 Depths:4 Depths:5
Abyss: Depths:2 Depths:4
Pandemonium: Depths:3 Depths:4 Depths:5
Ziggurat: Depths:1
Trove: Elf:2 (give 7 scrolls of fog)


Innate Abilities, Weirdness & Mutations

You are a lightning-filled tempest!
Your stormy fists strike out in all directions at once.
You are incredibly evasive.
You are flying.
You are immune to poison.
Your armour is entirely melded.
You are incapable of wielding weapons or throwing items.
((You have very sharp teeth.))
Your uncanny sense of smell can sniff out nearby items.
Your experience applies equally to all skills.
Your muscles are strong. (Str +2)
You sometimes lose the ability to read scrolls when taking damage.


Message History

You turn into a lightning-filled tempest!
The cursed +8 trident of the Octopus King {venom, rElec rPois Will+, Fort, Melee} melds into your body.
The cursed scarf of the Sidereal Seer {repulsion, Self, Evo} melds into your body.
The cursed +0 kite shield of the Fated Stickiness {Elem, Melee} melds into your body.
The cursed +27 Lear's hauberk {Cun, Fort} melds into your body.
The cursed +8 trident of the Octopus King {venom, rElec rPois Will+, Fort, Melee} stops dripping with poison.
The haze of the repulsion field disappears.
The slime creature quivers.
You are splashed with acid!!
You resist.
You are splashed with acid!!
You resist.
* * * LOW HITPOINT WARNING * * *
You are splashed with acid!!
You resist.
* * * LOW HITPOINT WARNING * * *
You are splashed with acid!
You resist.
* * * LOW HITPOINT WARNING * * *
You feel much better.
You are splashed with acid!!
You resist.
* * * LOW HITPOINT WARNING * * *
A slime creature comes into view.
You cannot read scrolls in your current state!
Unknown command.
You feel much better.
You are splashed with acid!!
You resist.
* * * LOW HITPOINT WARNING * * *
Okay, then.
You cannot read scrolls in your current state!
Unknown command.
You are splashed with acid!!
You resist.
* * * LOW HITPOINT WARNING * * *
You are splashed with acid!
You resist.
* * * LOW HITPOINT WARNING * * *
You feel much better.
You are splashed with acid!
You resist.
* * * LOW HITPOINT WARNING * * *
The rockslime hits you!!
* * * LOW HITPOINT WARNING * * *
You are shoved backwards!
You cannot read scrolls in your current state!
Unknown command.
Okay, then.
You cannot read scrolls in your current state!
You are splashed with acid!
You resist.
You die...

.##.......#### ######.##
.........#.#.## ######J###
..............# ######.####
......#.#....########.#####
.............#######J######
..............#####.######
...........#.#####J######
..........####.##.######
....##...####...v######
.....#....###.<...####
.................####
>.................##
.................##
...............###
...............##
...............##*
..........##.....#


You could see 2 slime creatures and a rockslime.

Vanquished Creatures
  3 ancient liches
  2 dread liches
  Boris (Depths:1)
  Margery (Depths:3)
  Saint Roka (Vaults:1)
  Nikola (Spider:2)
  A golden dragon (Depths:4)
  The ghost of agentgt the Warrior, a veteran KoAK of Lugonu (Vaults:3)
  Arachne (Spider:1)
  9 tentacled monstrosities
  6 liches
  2 deep elf master archers
  5 titans
  5 quicksilver dragons
  7 sphinxes
  A tentacled starspawn (Abyss:2)
  5 storm dragons
  Kirke (Swamp:4)
  16 tengu reavers
  3 thorn hunters
  2 shadow dragons
  A fenstrider witch (Swamp:4)
  7 fire giants
  2 iron dragons
  14 vault wardens
  9 frost giants
  3 ghost moths
  12 deep elf sorcerers
  A cacodemon (Depths:3)
  A balrug (Depths:5)
  5 spectral caustic shrikes (Depths:3)
  11 emperor scorpions
  8 deep elf elementalists
  13 ironbound preservers
  2 draconian stormcallers (Depths:5)
  3 spriggan defenders (Depths:3)
  16 stone giants
  4 war gargoyles
  35 very ugly things
  A black draconian (Depths:5)
  2 vampire knights
  2 red draconians (Depths:5)
  The ghost of makewrite the Impaler, a journeyman MiBe of Trog (Lair:6)
  3 deep elf demonologists (Elf:3)
  7 dire elephants
  2 entropy weavers (Spider:2)
  2 green draconians (Depths:5)
  3 bunyips
  6 deep elf annihilators
  A yellow draconian (Depths:5)
  9 spark wasps
  3 minotaurs
  A merfolk javelineer (Vaults:3)
  18 ettins
  An eidolon (Vaults:3)
  8 fire dragons
  7 yaktaur captains
  5 deep elf high priests
  3 jiangshi (Depths:5)
  4 deep elf death magi
  2 green deaths
  4 eleionomae
  A purple draconian (Depths:5)
  A merfolk impaler (Vaults:3)
  11 great orbs of eyes
  3 shambling mangroves
  32 vault guards
  2 ironbound thunderhulks
  Fannar (Lair:3)
  5 spriggan air magi
  12 ice dragons
  2 boulder beetles (Lair:6)
  4 rakshasas
  Erolcha (D:13)
  A ghost crab (Swamp:4)
  2 ironbound frosthearts
  30 hydras
  An anaconda (shapeshifter) (Vaults:5)
  5 ogre magi
  A peacekeeper (Vaults:3)
  A death knight (D:12)
  5 alligators
  12 centaur warriors
  16 two-headed ogres
  2 starcursed masses (Abyss:2)
  6 death yaks (Gauntlet)
  7 tengu warriors
  21 deep troll earth magi
  18 deep troll shamans
  5 spriggan berserkers
  6 vampire magi
  8 ironbound beastmasters
  An orc high priest (Elf:1)
  A soul eater (Depths:3)
  9 hell knights
  Nergalle (Lair:2)
  19 deep elf knights
  2 sun demons
  8 skeletal warriors
  7 goliath frogs
  16 iron trolls
  6 glowing orange brains
  An infernal demonspawn (Depths:3)
  54 deep trolls
  A flayed ghost (Depths:2)
  11 swamp dragons
  6 lindwurms
  12 deep elf archers
  9 wizards
  9 bog bodies
  24 ironbound convokers
  6 orc knights
  27 wolf spiders
  3 phantasmal warriors
  7 necromancers
  2 orc sorcerers
  41 deep elf zephyrmancers
  Pikel (D:6)
  An oklob plant (Lair:1)
  28 deep elf pyromancers
  20 orb spiders
  5 cyclopes
  A manticore (shapeshifter) (Depths:3)
  4 will-o-the-wisps
  A shining eye (shapeshifter) (Vaults:5)
  4 manticores
  5 elephants (Lair:5)
  A fire giant zombie (D:15)
  A guardian serpent (Depths:1)
  An elephant (shapeshifter) (Vaults:1)
  4 moths of wrath
  64 ugly things
  A rust devil (Depths:4)
  A black mamba (shapeshifter) (D:15)
  2 smoke demons
  6 black mambas
  2 eyes of devastation (shapeshifter)
  5 torpor snails
  20 vault sentinels
  2 ice statues (IceCv)
  A guardian serpent (shapeshifter) (Depths:3)
  2 cane toads (shapeshifter)
  6 gargoyles
  A kobold demonologist (D:12)
  7 cane toads
  3 large abominations (Abyss:2)
  2 minotaur zombies (Gauntlet)
  6 rime drakes
  34 yaktaurs
  A spriggan zombie (D:15)
  4 freezing wraiths
  An efreet (Abyss:2)
  An unseen horror (D:12)
  2 komodo dragons (shapeshifter) (Vaults:5)
  3 tengu conjurers
  A red devil (Depths:4)
  4 ice devils
  11 komodo dragons
  20 demonic crawlers
  A queen bee (shapeshifter) (D:13)
  5 trolls
  25 dancing weapons
  36 jumping spiders
  7 polar bears (Lair:6)
  A meliai (shapeshifter) (Depths:5)
  10 tyrant leeches
  A tyrant leech (shapeshifter) (Vaults:5)
  32 hornets
  13 blink frogs
  31 slime creatures
  A dream sheep (shapeshifter) (Vaults:5)
  4 raiju
  15 dream sheep
  6 air elementals
  61 redbacks
  3 water elementals
  5 wyverns
  46 spriggans
  19 tarantellas
  2 wraiths (D:12)
  A fire elemental (Depths:4)
  Eustachio (D:6)
  2 ynoxinuls
  2 vampires
  3 basilisks
  3 hogs (Swamp:4)
  A golden eye (shapeshifter) (Depths:4)
  36 yaks
  19 vampire mosquitoes
  4 steam dragons
  A neqoxec (Abyss:2)
  5 wargs
  10 swamp worms
  2 acid dragons (D:11)
  16 water moccasins
  4 black bears
  2 ice beasts (D:6)
  A sky beast (D:5)
  15 swamp drakes
  A necrophage (D:7)
  46 orc warriors
  8 boggarts
  23 centaurs
  33 wolves
  9 ogres
  3 small abominations (Abyss:2)
  A lemure (D:6)
  3 kobold brigands
  A bullfrog (shapeshifter) (Elf:2)
  13 bullfrogs
  3 gnoll sergeants
  3 earth elementals
  3 scorpions
  2 tengu zombies (D:15)
  3 lindwurm simulacra (IceCv)
  14 killer bees
  5 howler monkeys
  12 wights
  2 electric eels
  5 komodo dragon simulacra (IceCv)
  6 centaur zombies
  A crimson imp (D:5)
  A bullfrog skeleton (D:5)
  A gnoll shaman (D:5)
  2 hounds
  19 jellies
  9 orc priests
  3 centaur skeletons
  Jessica (D:2)
  Terence (D:1)
  4 iguanas
  17 orc wizards
  6 hell rats (Lair:4)
  2 killer bee zombies
  A hound skeleton (D:3)
  A howler monkey zombie (D:9)
  37 gnolls
  A howler monkey skeleton (D:6)
  7 adders
  7 acid dragon simulacra (IceCv)
  2 shadow imps
  3 white imps (D:5)
  2 ufetubi
  6 steam dragon simulacra (IceCv)
  An adder zombie (D:2)
  3 dart slugs
  59 orcs
  5 ball pythons
  4 bats
  17 endoplasms
  2 giant cockroaches (D:1)
  7 hobgoblins
  31 kobolds
  A quokka (D:1)
  A ball python skeleton (D:2)
  A frilled lizard (D:1)
  3 goblins
  A jackal skeleton (D:2)
  A quokka skeleton (D:2)
  3 rats
  2 briar patches (Swamp:4)
  A starspawn tentacle (Abyss:2)
  A toadstool (Swamp:1)
2040 creatures vanquished.

Vanquished Creatures (others)
  Boris (Vaults:5)
  Asterion (Spider:1)
  A very ugly thing (Depths:2)
  A spriggan berserker (Depths:5)
  2 deep elf knights (Elf:1)
  A deep elf zephyrmancer (Elf:3)
  A deep elf pyromancer (Elf:1)
  2 hornets
  A tarantella (Spider:2)
  A redback (Spider:2)
  A steam dragon (Gauntlet)
  A boggart (Lair:6)
  26 foxfires
  16 fungi
  46 plants
  5 starspawn tentacles (Abyss:2)
  6 toadstools (Swamp:1)
  5 withered plants
118 creatures vanquished.

Grand Total: 2158 creatures vanquished

Notes
Turn   | Place    | Note
-------+----------+-------------------------------------------
     0 | D:1      | Malachi the Gnoll Arcane Marksman began the quest for the
                  | Orb.
     0 | D:1      | Reached XP level 1. HP: 17/17 MP: 4/4
   276 | D:1      | Reached XP level 2. HP: 23/23 MP: 5/5
   682 | D:1      | Learned a level 1 spell: Foxfire
  1063 | D:2      | Noticed Terence
  1240 | D:2      | Reached XP level 3. HP: 27/28 MP: 7/7
  1429 | D:2      | Noticed Jessica
  1575 | D:1      | Killed Terence
  1576 | D:1      | Reached skill level 1 in Short Blades
  1576 | D:1      | Reached skill level 1 in Long Blades
  1576 | D:1      | Reached skill level 1 in Axes
  1576 | D:1      | Reached skill level 1 in Maces & Flails
  1576 | D:1      | Reached skill level 1 in Polearms
  1576 | D:1      | Reached skill level 1 in Staves
  1576 | D:1      | Reached skill level 1 in Slings
  1576 | D:1      | Reached skill level 1 in Crossbows
  1576 | D:1      | Reached skill level 1 in Throwing
  1576 | D:1      | Reached skill level 1 in Armour
  1576 | D:1      | Reached skill level 1 in Stealth
  1576 | D:1      | Reached skill level 1 in Shields
  1576 | D:1      | Reached skill level 1 in Unarmed Combat
  1576 | D:1      | Reached skill level 1 in Invocations
  1576 | D:1      | Reached skill level 1 in Evocations
  1655 | D:2      | Killed Jessica
  1656 | D:2      | Reached XP level 4. HP: 34/34 MP: 8/8
  1783 | D:2      | Reached skill level 1 in Conjurations
  1783 | D:2      | Reached skill level 1 in Summonings
  1783 | D:2      | Reached skill level 1 in Necromancy
  1783 | D:2      | Reached skill level 1 in Translocations
  1783 | D:2      | Reached skill level 1 in Transmutations
  1783 | D:2      | Reached skill level 1 in Fire Magic
  1783 | D:2      | Reached skill level 1 in Ice Magic
  1783 | D:2      | Reached skill level 1 in Air Magic
  1783 | D:2      | Reached skill level 1 in Earth Magic
  1783 | D:2      | Reached skill level 1 in Poison Magic
  2513 | D:3      | Reached XP level 5. HP: 40/40 MP: 9/9
  3224 | D:4      | Found a blossoming altar of Fedhas.
  3294 | D:4      | Reached XP level 6. HP: 44/47 MP: 10/10
  3398 | D:4      | Found a staircase to the Ecumenical Temple.
  3833 | Temple   | Entered the Ecumenical Temple
  3989 | Temple   | Became a worshipper of Ashenzari the Shackled
  4040 | D:5      | Entered Level 5 of the Dungeon
  4055 | D:5      | Reached skill level 5 in Bows
  4055 | D:5      | Reached skill level 5 in Dodging
  4072 | D:5      | Found a basalt altar of Yredelemnul.
  4089 | D:5      | Noticed a sky beast
  4101 | D:5      | Killed a sky beast
  4155 | D:5      | Reached XP level 7. HP: 8/52 MP: 12/12
  4794 | D:6      | Reached XP level 8. HP: 54/60 MP: 14/14
  5071 | D:6      | Noticed Pikel
  5116 | D:6      | Killed Pikel
  5303 | D:6      | Reached XP level 9. HP: 23/66 MP: 16/16
  5347 | D:6      | Identified the cursed +2 helmet "Ruined Paranoia" {Cun,
                  | Elem} (You found it on level 5 of the Dungeon)
  5462 | D:6      | Found the +27 Lear's hauberk
  5515 | D:6      | Found Welaq's Antique Armour Shoppe.
  5521 | D:6      | Noticed Eustachio
  5595 | D:6      | Killed Eustachio
  5880 | D:6      | Reached * piety under Ashenzari
  5880 | D:6      | Reached ** piety under Ashenzari
  6198 | D:7      | Reached skill level 5 in Spellcasting
  6265 | D:7      | Reached skill level 5 in Fighting
  6633 | D:7      | Noticed a gargoyle
  6654 | D:7      | Killed a gargoyle
  6893 | D:7      | Reached skill level 5 in Invocations
  7039 | D:8      | Reached XP level 10. HP: 71/74 MP: 18/18
  7105 | D:8      | Reached skill level 5 in Short Blades
  7105 | D:8      | Reached skill level 5 in Long Blades
  7105 | D:8      | Reached skill level 5 in Axes
  7105 | D:8      | Reached skill level 5 in Maces & Flails
  7105 | D:8      | Reached skill level 5 in Polearms
  7105 | D:8      | Reached skill level 5 in Staves
  7105 | D:8      | Reached skill level 5 in Slings
  7105 | D:8      | Reached skill level 5 in Crossbows
  7105 | D:8      | Reached skill level 5 in Throwing
  7105 | D:8      | Reached skill level 5 in Armour
  7105 | D:8      | Reached skill level 5 in Stealth
  7105 | D:8      | Reached skill level 5 in Shields
  7105 | D:8      | Reached skill level 5 in Unarmed Combat
  7105 | D:8      | Reached skill level 5 in Evocations
  7668 | D:8      | Reached *** piety under Ashenzari
  7753 | D:8      | Found a bloodstained altar of Trog.
  8094 | D:8      | Identified the +6 chain mail "Ufionkud" {Fly rElec Will+}
  8100 | D:8      | Noticed a two-headed ogre
  8119 | D:8      | Killed a two-headed ogre
  8193 | D:8      | Found a hazy altar of Hepliaklqana.
  8211 | D:8      | Reached XP level 11. HP: 81/83 MP: 20/20
  8695 | D:9      | Reached **** piety under Ashenzari
  8943 | D:9      | Reached skill level 5 in Conjurations
  8943 | D:9      | Reached skill level 5 in Summonings
  8943 | D:9      | Reached skill level 5 in Necromancy
  8943 | D:9      | Reached skill level 5 in Translocations
  8943 | D:9      | Reached skill level 5 in Transmutations
  8943 | D:9      | Reached skill level 5 in Fire Magic
  8943 | D:9      | Reached skill level 5 in Ice Magic
  8943 | D:9      | Reached skill level 5 in Air Magic
  8943 | D:9      | Reached skill level 5 in Earth Magic
  8943 | D:9      | Reached skill level 5 in Poison Magic
  9280 | D:10     | Entered Level 10 of the Dungeon
  9425 | D:10     | Found a staircase to the Orcish Mines.
  9437 | D:10     | Noticed a two-headed ogre
  9451 | D:10     | Killed a two-headed ogre
  9554 | D:10     | Found a hide-covered altar of Uskayaw.
  9555 | D:10     | Found an ornate altar of the Wu Jian Council.
  9572 | D:10     | Found a shadowy altar of Dithmenos.
  9672 | D:10     | Found a shimmering altar of Xom.
  9673 | D:10     | Noticed a two-headed ogre
  9684 | D:10     | Killed a two-headed ogre
  9798 | D:10     | Noticed a two-headed ogre
  9809 | D:10     | Killed a two-headed ogre
 10020 | Orc:1    | Entered Level 1 of the Orcish Mines
 10174 | Orc:1    | Noticed a two-headed ogre
 10191 | Orc:1    | Killed a two-headed ogre
 10245 | Orc:2    | Entered Level 2 of the Orcish Mines
 10567 | Orc:2    | Noticed an orc knight
 10567 | Orc:2    | Noticed an orc knight
 10583 | Orc:2    | Killed an orc knight
 10603 | Orc:2    | Killed an orc knight
 10604 | Orc:2    | Reached XP level 12. HP: 30/91 MP: 23/23
 10637 | Orc:1    | Found Limasia's Antique Armour Boutique.
 11774 | Orc:2    | Found a staircase to the Elven Halls.
 11953 | Orc:2    | Found Lyghug's Magic Scroll Emporium.
 11953 | Orc:2    | Found Ytagrana's Weapon Boutique.
 11955 | Orc:2    | Found Owyfryek's Weapon Shop.
 11957 | Orc:2    | Found Wujoyvum's Antique Weapon Shoppe.
 11970 | Orc:2    | Bought the +8 trident of the Octopus King {venom, rElec
                  | rPois Will+} for 1020 gold pieces
 11970 | Orc:2    | Found the +8 trident of the Octopus King {venom, rElec
                  | rPois Will+}
 12961 | D:11     | Noticed a four-headed hydra
 12976 | D:11     | Killed a four-headed hydra
 13220 | D:11     | Found a glowing golden altar of the Shining One.
 13348 | D:11     | Noticed a five-headed hydra
 13361 | D:11     | Killed a five-headed hydra
 13362 | D:11     | Reached XP level 13. HP: 87/99 MP: 25/25
 13399 | D:11     | Identified a scroll of acquirement
 13451 | D:11     | Found a staircase to the Lair.
 14046 | D:11     | Acquired a scarf of invisibility
 14603 | D:12     | Found a gate leading to a gauntlet.
 14643 | Gauntlet | Entered a Gauntlet
 14643 | Gauntlet | Found a transporter.
 14643 | Gauntlet | Found a transporter.
 14643 | Gauntlet | Found a transporter.
 14647 | Gauntlet | Found a transporter.
 14647 | Gauntlet | Found a transporter.
 14647 | Gauntlet | Found a transporter.
 14657 | Gauntlet | Found a transporter.
 14659 | Gauntlet | Found a transporter.
 14661 | Gauntlet | Found a transporter.
 14666 | Gauntlet | Identified the ring "Okinuff" {rElec rC- rN+ Str+10 Dex-4}
 14669 | Gauntlet | Noticed a blizzard demon
 14671 | Gauntlet | Found a transporter.
 14671 | Gauntlet | Identified the ring "Siusm" {Fire rCorr}
 14673 | Gauntlet | Found a transporter.
 14676 | Gauntlet | Found a transporter.
 14676 | Gauntlet | Identified the +0 pair of gloves of Discretion {rN+ rCorr
                  | Dex+2 Stlth+}
 14896 | Gauntlet | Learned a level 3 spell: Tukima's Dance
 15122 | Gauntlet | Noticed a minotaur
 15148 | Gauntlet | Killed a minotaur
 15710 | D:12     | Learned a level 2 spell: Wereblood
 15969 | D:13     | Reached XP level 14. HP: 91/108 MP: 27/27
 16056 | D:13     | Reached skill level 10 in Bows
 16056 | D:13     | Reached skill level 10 in Dodging
 16083 | D:13     | Noticed Erolcha
 16106 | D:13     | Killed Erolcha
 16182 | D:13     | Found a flagged portal.
 16197 | Bailey   | Entered a bailey
 16838 | D:13     | Reached ***** piety under Ashenzari
 17157 | Lair:1   | Entered Level 1 of the Lair of Beasts
 17478 | Lair:1   | Reached skill level 10 in Invocations
 18271 | Lair:2   | Noticed Nergalle
 18290 | Lair:2   | Killed Nergalle
 18327 | Lair:2   | Found a hole to the Spider Nest.
 18651 | Lair:3   | Found a frozen archway.
 18664 | IceCv    | Entered an ice cave
 18717 | IceCv    | Reached skill level 10 in Long Blades
 19201 | Lair:3   | Noticed Fannar
 19216 | Lair:3   | Killed Fannar
 19491 | Lair:3   | Found a staircase to the Swamp.
 19526 | Lair:3   | Reached skill level 10 in Spellcasting
 20043 | Lair:4   | Reached skill level 10 in Fighting
 20245 | Lair:4   | Reached XP level 15. HP: 122/122 MP: 31/31
 20490 | Lair:4   | Identified the +1 ring mail "Lediakoe" {Dex+5 SInv}
 20740 | Lair:4   | Identified the +10 eveningstar of Integrity {drain, *Rage
                  | Drain Int+7 Stlth+}
 21154 | Lair:5   | Identified the +2 pair of gloves "Pomak" {Dex+6}
 21506 | Lair:5   | Reached skill level 10 in Hexes
 21917 | Lair:6   | Entered Level 6 of the Lair of Beasts
 21986 | Lair:6   | Reached skill level 10 in Short Blades
 21986 | Lair:6   | Reached skill level 10 in Axes
 21986 | Lair:6   | Reached skill level 10 in Maces & Flails
 21986 | Lair:6   | Reached skill level 10 in Polearms
 21986 | Lair:6   | Reached skill level 10 in Staves
 21986 | Lair:6   | Reached skill level 10 in Slings
 21986 | Lair:6   | Reached skill level 10 in Crossbows
 21986 | Lair:6   | Reached skill level 10 in Throwing
 21986 | Lair:6   | Reached skill level 10 in Armour
 21986 | Lair:6   | Reached skill level 10 in Stealth
 21986 | Lair:6   | Reached skill level 10 in Shields
 21986 | Lair:6   | Reached skill level 10 in Unarmed Combat
 21986 | Lair:6   | Reached skill level 10 in Evocations
 22553 | Lair:6   | Acquired the ring of Giara {Str+6 Int+3 Dex+4}
 22628 | Lair:6   | Paralysed by a hornet for 3 turns
 22650 | Lair:6   | Found a runed translucent gate.
 22796 | Lair:6   | Found a runed translucent gate.
 22847 | Lair:6   | Found a staircase to the Slime Pits.
 23146 | Lair:6   | Identified the +2 plate armour of Snakes and Ladders {rF+
                  | Will+}
 23278 | Lair:6   | Identified the +9 hand crossbow of Supply {elec, Stlth+}
 23477 | Lair:6   | Found a runed translucent gate.
 23478 | Lair:6   | Noticed makewrite's ghost (journeyman MiBe)
 23478 | Lair:6   | Identified the +9 long sword of the Shouting Saviour {holy,
                  | rPois Str+4}
 23552 | Lair:6   | Killed makewrite's ghost
 24204 | D:14     | Reached XP level 16. HP: 122/134 MP: 34/34
 24328 | D:14     | Found a gate to the Vaults.
 24717 | D:14     | Acquired the amulet of Meahoa {Spirit Regen+ Dex+4}
 25320 | D:15     | Entered Level 15 of the Dungeon
 25449 | D:15     | Learned a level 5 spell: Freezing Cloud
 25529 | D:15     | Found a staircase to the Depths.
 26332 | Spider:1 | Entered Level 1 of the Spider Nest
 27162 | Spider:2 | Reached XP level 17. HP: 114/142 MP: 27/36
 27188 | Spider:2 | Noticed Arachne
 27222 | Spider:2 | Noticed Asterion
 27228 | Spider:2 | HP: 7/142 [Arachne/bolt of poison (4)]
 27230 | Spider:2 | Noticed an Executioner
 27233 | Spider:1 | HP: 6/142 [poisoned by Arachne (poison arrow)]
 27238 | Spider:1 | HP: 7/142 [poisoned by Arachne (poison arrow)]
 27499 | Spider:1 | Killed Asterion
 27525 | Spider:1 | Killed Arachne
 27988 | Spider:2 | Learned a level 4 spell: Olgreb's Toxic Radiance
 28266 | Spider:2 | Noticed Nikola
 28293 | Spider:2 | Killed Nikola
 28960 | Spider:3 | Reached skill level 10 in Conjurations
 28960 | Spider:3 | Reached skill level 10 in Summonings
 28960 | Spider:3 | Reached skill level 10 in Necromancy
 28960 | Spider:3 | Reached skill level 10 in Translocations
 28960 | Spider:3 | Reached skill level 10 in Transmutations
 28960 | Spider:3 | Reached skill level 10 in Fire Magic
 28960 | Spider:3 | Reached skill level 10 in Ice Magic
 28960 | Spider:3 | Reached skill level 10 in Air Magic
 28960 | Spider:3 | Reached skill level 10 in Earth Magic
 28960 | Spider:3 | Reached skill level 10 in Poison Magic
 29037 | Spider:3 | HP: 7/142 [poisoned by an emperor scorpion]
 29735 | Spider:4 | Entered Level 4 of the Spider Nest
 29871 | Spider:4 | Acquired the +9 staff of Olgreb {rPois∞}
 29871 | Spider:4 | Found the +9 staff of Olgreb {rPois∞}
 30293 | Spider:4 | Reached XP level 18. HP: 151/151 MP: 32/37
 30623 | Spider:4 | Got a gossamer rune of Zot
 31809 | Elf:1    | Entered Level 1 of the Elven Halls
 32209 | Elf:1    | Identified the +10 spear of Duhiuxor {flame, Contam Int+5}
 32323 | Elf:1    | Identified the +0 cloak of Sorcery {rElec rF- Int+4}
 32332 | Elf:1    | Identified Dispater's Handbook of Conjuration and the
                  | Escort
 32352 | Elf:1    | Found Taidd's Antique Weapon Boutique.
 32777 | Elf:1    | Paralysed by an air elemental for 1 turns
 32941 | Elf:1    | Reached skill level 15 in Long Blades
 33092 | Elf:2    | Found a portal to a secret trove of treasure.
 33269 | Elf:2    | Paralysed by an air elemental for 1 turns
 33289 | Elf:2    | Paralysed by an air elemental for 1 turns
 33304 | Elf:2    | Reached XP level 19. HP: 75/158 MP: 13/39
 33815 | Elf:2    | Found a runed translucent gate.
 33815 | Elf:2    | Found a runed translucent gate.
 33817 | Elf:2    | Found a runed translucent gate.
 34641 | Elf:3    | Entered Level 3 of the Elven Halls
 34643 | Elf:3    | Found a flickering gateway to a bazaar.
 34652 | Bazaar   | Entered a bazaar
 34652 | Bazaar   | Found Yskecvif's Jewellery Boutique.
 34658 | Bazaar   | Found Teyseag's Weapon Shop.
 34661 | Bazaar   | Found Jopaufann's Antique Weapon Shop.
 34671 | Bazaar   | Bought an ichor-stained broad axe for 171 gold pieces
 34671 | Bazaar   | Identified the +7 broad axe "Lommek" {freeze, Will++} (You
                  | bought it in a shop in a bazaar)
 34693 | Bazaar   | Found Gerate's Armour Boutique.
 34708 | Bazaar   | Found Satamout's Distillery.
 34714 | Bazaar   | Bought a potion of heal wounds for 70 gold pieces
 34714 | Bazaar   | Bought a potion of heal wounds for 70 gold pieces
 34714 | Bazaar   | Bought a potion of heal wounds for 70 gold pieces
 34758 | Elf:3    | Cast into level 2 of the Abyss (a deep elf sorcerer)
 34955 | Abyss:2  | Gained mutation: You are dopey. (Int -2) [a neqoxec]
 35183 | Elf:3    | Escaped the Abyss
 35351 | Elf:3    | Identified the +1 robe of Lomuaha {rElec Regen+}
 35379 | Elf:3    | Identified the amulet of Lefownoidd {Faith rF+ rN+}
 35379 | Elf:3    | Identified the +8 battleaxe of Pitziaffo {drain, Stlth+}
 35380 | Elf:3    | Identified the +9 ring mail "Qaha" {+Blink Will++ rCorr
                  | Str-4}
 35380 | Elf:3    | Identified the +1 ring mail of Negation {Harm Str+2}
 35521 | Elf:3    | Identified the ring of Nirik {Ice Int+5}
 35528 | Elf:3    | Reached XP level 20. HP: 153/167 MP: 36/41
 35528 | Elf:3    | Identified the +5 great mace "Jolowk" {vamp, rPois rN+}
 35820 | Elf:3    | Paralysed by an air elemental for 1 turns
 35898 | Elf:3    | Found Qunattar's Antique Weapon Emporium.
 35904 | Elf:3    | Paralysed by an air elemental for 1 turns
 35959 | Elf:3    | Identified the +1 leather armour "Qethrah" {rN++}
 36578 | Vaults:1 | Entered Level 1 of the Vaults
 37005 | Vaults:1 | Found a flickering gateway to a bazaar.
 37483 | Vaults:1 | Noticed Saint Roka
 37507 | Vaults:1 | Killed Saint Roka
 38251 | Vaults:2 | Reached skill level 15 in Invocations
 39689 | Vaults:3 | Reached XP level 21. HP: 175/175 MP: 39/42
 39935 | Vaults:3 | Reached skill level 15 in Dodging
 40119 | Vaults:3 | Found a staircase to the Crypt.
 40374 | Vaults:3 | Found a runed translucent gate.
 40374 | Vaults:3 | Found a runed translucent gate.
 40374 | Vaults:3 | Found a runed translucent gate.
 40376 | Vaults:3 | Noticed agentgt's ghost (veteran KoAK)
 40376 | Vaults:3 | Identified the +0 leather armour of the Will of the Gods
                  | {rC+ SInv}
 41189 | Vaults:3 | Found an iron altar of Okawaru.
 41244 | Vaults:3 | Killed agentgt's ghost
 42416 | Vaults:5 | Entered Level 5 of the Vaults
 42448 | Vaults:4 | Reached XP level 22. HP: 114/184 MP: 26/44
 42560 | Vaults:5 | Reached skill level 15 in Bows
 42721 | Vaults:5 | Noticed an ancient lich
 42774 | Vaults:5 | HP: 3/184 [ancient lich/crystal spear (31)]
 42798 | Vaults:4 | Killed an ancient lich
 42894 | Vaults:5 | Gained mutation: Your magical capacity is low. (-10% MP) [a
                  | shining eye]
 42900 | Vaults:5 | Lost mutation: Your magical capacity is low. (-10% MP)
                  | [potion of mutation]
 42900 | Vaults:5 | Lost mutation: You are dopey. (Int -2) [potion of mutation]
 42900 | Vaults:5 | Gained mutation: You are strong-willed. (Will+) [potion of
                  | mutation]
 42900 | Vaults:5 | Gained mutation: Your flesh is heat resistant. (rF+)
                  | [potion of mutation]
 43088 | Vaults:5 | Got a silver rune of Zot
 43131 | Vaults:5 | Identified the +1 plate armour of Ceadegeu {rElec rF- Int+4
                  | Stlth+}
 43356 | Vaults:5 | Noticed an ancient lich
 43601 | Vaults:5 | Reached skill level 15 in Spellcasting
 43671 | Vaults:5 | Identified the amulet of Polytheism {RegenMP rElec Str+2
                  | Slay-3}
 43677 | Vaults:5 | Noticed Boris
 43696 | Vaults:5 | Reached skill level 15 in Fighting
 43724 | Vaults:5 | Killed an ancient lich
 43743 | Vaults:5 | Killed Boris
 43746 | Vaults:5 | Reached XP level 23. HP: 110/192 MP: 27/45
 43784 | Vaults:5 | Identified the +5 flail of the Ancient Runes {vorpal,
                  | Str+6}
 43787 | Vaults:5 | Identified the +11 morningstar "Ceguceb" {protect, rPois
                  | Int+4 Dex+2}
 43807 | Vaults:5 | Identified the ring "Tiolog" {rF++ rCorr MP+9 Slay+3}
 43831 | Vaults:5 | Identified the +1 robe "Oronleul" {rF- Will+ Regen+ Int+3}
 43849 | Vaults:5 | Identified the +1 scale mail of the Saviour {rElec Int+2}
 43970 | Vaults:5 | Identified the +9 war axe of Kacvalle {freeze, +Blink
                  | Int+4}
 44165 | Vaults:5 | Found the +7 sceptre of Torment {pain, torment}
 44223 | Vaults:5 | Noticed a dread lich
 44452 | Vaults:5 | Reached skill level 15 in Short Blades
 44452 | Vaults:5 | Reached skill level 15 in Axes
 44452 | Vaults:5 | Reached skill level 15 in Maces & Flails
 44452 | Vaults:5 | Reached skill level 15 in Polearms
 44452 | Vaults:5 | Reached skill level 15 in Staves
 44452 | Vaults:5 | Reached skill level 15 in Slings
 44452 | Vaults:5 | Reached skill level 15 in Crossbows
 44452 | Vaults:5 | Reached skill level 15 in Throwing
 44452 | Vaults:5 | Reached skill level 15 in Armour
 44452 | Vaults:5 | Reached skill level 15 in Stealth
 44452 | Vaults:5 | Reached skill level 15 in Shields
 44452 | Vaults:5 | Reached skill level 15 in Unarmed Combat
 44452 | Vaults:5 | Reached skill level 15 in Evocations
 44752 | Vaults:5 | Identified the +1 shortbow of the Lettuce {freeze, Fly
                  | rPois MP+9 Int-5}
 44984 | Vaults:5 | Killed a dread lich
 44988 | Vaults:5 | Identified the +3 flail of the Solstice {speed, rElec}
 44988 | Vaults:5 | Identified the +5 rapier "Qasotepi" {vorpal, Str+2}
 44993 | Vaults:5 | Noticed an ancient lich
 45011 | Vaults:5 | Killed an ancient lich
 45137 | Vaults:5 | Found the amulet of the Air {Inacc Air Fly rElec RMsl}
 45547 | Vaults:5 | Identified the ring of the Leaf {rPois Str-4 Int+9 Dex+6
                  | SInv}
 45983 | Vaults:5 | Learned a level 6 spell: Statue Form
 46167 | Vaults:5 | Learned a level 6 spell: Death Channel
 46547 | Depths:1 | Entered Level 1 of the Depths
 46552 | Depths:1 | Identified the +6 arbalest "Ysiq" {elec, Str+2 SInv}
 46558 | Depths:1 | Identified Odaebb's Introduction to the Arcane Arts
 46577 | Depths:1 | Identified the +3 scale mail of Daffodils {-Tele rF+++
                  | Str+3 Int+4}
 46646 | Depths:1 | Noticed Boris
 46668 | Depths:1 | Killed Boris
 47096 | Depths:1 | Found Enoi's Changing Room.
 47106 | Depths:1 | Lost mutation: Your flesh is heat resistant. (rF+) [potion
                  | of mutation]
 47106 | Depths:1 | Lost mutation: You are strong-willed. (Will+) [potion of
                  | mutation]
 47106 | Depths:1 | Gained mutation: You are partially covered in iridescent
                  | scales. (AC +2) [potion of mutation]
 47106 | Depths:1 | Gained mutation: You tend to lose your temper in combat.
                  | [potion of mutation]
 47107 | Depths:1 | Lost mutation: You are partially covered in iridescent
                  | scales. (AC +2) [potion of mutation]
 47107 | Depths:1 | Lost mutation: You tend to lose your temper in combat.
                  | [potion of mutation]
 47107 | Depths:1 | Gained mutation: You have a pair of small horns on your
                  | head. [potion of mutation]
 47107 | Depths:1 | Gained mutation: You tend to lose your temper in combat.
                  | [potion of mutation]
 47107 | Depths:1 | Gained mutation: You have large cloven feet. [potion of
                  | mutation]
 47110 | Depths:1 | Bought a potion of mutation for 112 gold pieces
 47110 | Depths:1 | Bought a potion of mutation for 112 gold pieces
 47110 | Depths:1 | Bought a potion of mutation for 112 gold pieces
 47110 | Depths:1 | Lost mutation: You have a pair of small horns on your head.
                  | [potion of mutation]
 47110 | Depths:1 | Lost mutation: You tend to lose your temper in combat.
                  | [potion of mutation]
 47110 | Depths:1 | Gained mutation: Your magical capacity is low. (-10% MP)
                  | [potion of mutation]
 47110 | Depths:1 | Gained mutation: You possess an exceptional clarity of
                  | mind. [potion of mutation]
 47111 | Depths:1 | Lost mutation: You have large cloven feet. [potion of
                  | mutation]
 47111 | Depths:1 | Lost mutation: Your magical capacity is low. (-10% MP)
                  | [potion of mutation]
 47111 | Depths:1 | Lost mutation: You possess an exceptional clarity of mind.
                  | [potion of mutation]
 47112 | Depths:1 | Gained mutation: Your muscles are strong. (Str +2) [potion
                  | of mutation]
 47112 | Depths:1 | Gained mutation: You sometimes lose the ability to read
                  | scrolls when taking damage. [potion of mutation]
 47248 | Depths:1 | Found a gateway to a ziggurat.
 47248 | Depths:1 | Noticed a dread lich
 47283 | Depths:1 | Killed a dread lich
 47284 | Depths:1 | Reached XP level 24. HP: 195/195 MP: 31/44
 47496 | Depths:1 | Found a gateway to Hell.
 47821 | Depths:2 | Found a one-way gate to the infinite horrors of the Abyss.
 47838 | Depths:2 | Found Afitimu's Weapon Boutique.
 49625 | Depths:3 | Found a one-way gate leading to the halls of Pandemonium.
 49933 | Depths:3 | Noticed Margery
 50194 | Depths:3 | Reached XP level 25. HP: 205/205 MP: 41/45
 50632 | Depths:3 | Killed Margery
 51544 | Depths:3 | Found a shimmering blue altar of Sif Muna.
 52244 | Depths:4 | Found Quex's Assorted Antiques.
 52279 | Depths:4 | Bought a potion of heal wounds for 150 gold pieces
 52308 | Depths:4 | Reached skill level 15 in Hexes
 52439 | Depths:4 | Identified the +5 great sword "Fupraovu" {venom, Int+3
                  | Dex-3 SInv Stlth+}
 52767 | Depths:4 | Paralysed by a floating eye for 4 turns
 53190 | Depths:5 | Entered Level 5 of the Depths
 53373 | Depths:5 | Reached XP level 26. HP: 213/213 MP: 45/45
 53427 | Depths:5 | Learned a level 7 spell: Storm Form
 53441 | Depths:5 | Acquired the +2 pair of boots "Suton" {rN+ Regen+ Int-4}
 53527 | Depths:5 | Identified the cursed +0 kite shield of the Fated
                  | Stickiness {Elem, Melee} (You took it off a gnoll sergeant
                  | on level 11 of the Dungeon)
 53570 | Depths:5 | Found a gate to the Realm of Zot.
 54813 | Swamp:1  | Entered Level 1 of the Swamp
 54983 | Swamp:1  | Identified the cursed scarf of the Sidereal Seer
                  | {repulsion, Self, Evo} (You found it on level 4 of the
                  | Spider Nest)
 56546 | Swamp:4  | Entered Level 4 of the Swamp
 56546 | Swamp:4  | Noticed Kirke
 56556 | Swamp:4  | Killed Kirke
 56896 | Swamp:4  | Got a decaying rune of Zot
 57325 | Slime:1  | Entered Level 1 of the Pits of Slime
 57454 | Slime:1  | HP: 4/216 [rockslime (29)]
 57455 | Slime:1  | Splashed with acid

Illustrated notes

Levels and vault maps discovered:
D:1:      zelgadis_glass_arrival_small, layout_basic
D:2:      layout_basic, serial_undead, serial_undead_e, serial_undead_a,
          serial_undead_c, serial_undead_b, uniq_jessica, uniq_terence
D:3:      layout_loops_corners, serial_rivers, chequers_serial_rivers_room_a,
          chequers_serial_rivers_small_b, chequers_serial_rivers_small_a,
          chequers_serial_rivers_micro_b, chequers_serial_rivers_small_a,
          chequers_serial_rivers_large_a, amcnicky_mini_pool_small
D:4:      layout_loops_ring, mainiacjoe_overflow_small_starburst, temple_pool_b,
          serial_bayou_pond_a, chequers_serial_rivers_micro_c
D:5:      layout_rooms, mainiacjoe_overflow_24_doors, kennysheep_flooded_box,
          minmay_fire_ice_demons
D:6:      layout_gridville, serial_shops, nicolae_shop_behind_doors, uniq_pikel,
          uniq_eustachio
D:7:      layout_basic, the_hattery
D:8:      kb_forest_paths, layout_basic, lemuel_crystal_altar,
          nicolae_hepliaklqana_hazy_memory
D:9:      layout_loops_ring, skrybe_limestone_x
D:10:     layout_roguey, lemuel_crystal_altar, minitemple, david_orc_2
D:11:     layout_basic, erik_lair_dragon, tso_oasis_becter
D:12:     layout_loops_ring, gauntlet_entry_generic
D:13:     layout_long_grid, enter_bailey_2, uniq_erolcha
D:14:     layout_gridville, david_vaults_5
D:15:     gammafunk_depths_entry_grave, layout_gridville, serial_park_avenue1,
          grunt_ministairs_7
Temple:   jpeg_temple_clearing
Lair:1:   lemuel_slime, layout_hall_layers
Lair:2:   layout_loops_ring, spider_nest_entry_a, minivault_23,
          grunt_megastairs_3, uniq_nergalle
Lair:3:   layout_cave_pods, nicolae_swamp_entry_splash_gauntlet,
          portal_ice_cave_entry_pillars_2, uniq_fannar
Lair:4:   dragon1_lemuel, layout_cave_pods, lemuel_fruit_tree,
          serial_bayou_shore_b
Lair:5:   layout_regular_city
Lair:6:   minmay_lair_end_enchanted_forest, layout_misc_corridors,
          minmay_slime_entry_jelly_boxes, gammafunk_ghost_hydra_chop,
          eino_small_chamber_without_monster, chequers_serial_rivers_room_a
Swamp:1:  cheibrodos_swamp_tower_of_moss, layout_basic_swamp,
          evilmike_swamp_ruin_house_6
Swamp:2:  layout_basic_swamp, nicolae_swamp_round_clearing, swamp_pool1
Swamp:3:  layout_basic_swamp, evilmike_swamp_ruin_house_3, swamp_pool3,
          nicolae_swamp_bloodsuckers_inc
Swamp:4:  swamp_basic_johnstein, layout_basic_swamp, uniq_kirke
Spider:1: layout_spider_delve, nicolae_crawler_farm
Spider:2: nicolae_spider_mines_3, uniq_nikola, uniq_asterion, uniq_arachne
Spider:3: layout_spider_delve, nicolae_spider_circle_web
Spider:4: guppyfry_spider_rune
Slime:1:  layout_caves, cheibrodos_slime_lost_civilization_4
Orc:1:    layout_caves, serial_shops, nicolae_shop_overgrown_old_shop
Orc:2:    st_orc_rangers, layout_caves, guppyfry_library_mini
Elf:1:    elf_arrival_002, layout_geoelf_grid, serial_shops, shop,
          minmay_elf_sorcery
Elf:2:    nicolae_elf_blades_splatter_lattice [nicolae_blade_entry_antechamber],
          layout_gridlike, nicolae_trove_entry_free_sample,
          nicolae_elf_big_sculpture_3
Elf:3:    minmay_elf_hall_dome, layout_gridlike, serial_shops,
          bzr_entry_customers, shop
Vaults:1: vaults_dpeg_hooks, st_hourglassy, vaults_dpeg_spiral,
          ontoclasm_vaults_ring_square, vaults_room_stairs_pillars,
          hangedman_vaults_cutoff, ontoclasm_vaults_decontamination,
          vaults_room_door_ring, v_misc_29, hangedman_vaults_nodes,
          nicolae_vaults_diagonal_hallway_7, vaults_dpeg_doors, serial_ice_m,
          ontoclasm_vaults_tryst, layout_vaults_omnibox, serial_shops,
          bzr_in_the_mist, uniq_saint_roka
Vaults:2: v_misc_3, vaults_dpeg_ring, hangedman_vaults_locks,
          nicolae_vaults_little_squares_5, vaults_room_hallway,
          layout_vaults_omnigrid
Vaults:3: gammafunk_vaults_ghost_fury_of_okawaru, nicolae_vaults_puzzle_piece,
          ontoclasm_vaults_chip, vaults_room_semicircle, v_pattern_1, v_misc_27,
          minmay_crypt_entry_simple_round, nicolae_vaults_meeting,
          hangedman_vaults_stretched_pinwheel, v_misc_11,
          ontoclasm_vaults_hangar, vaults_room_grid, vaults_room_semicircle,
          ontoclasm_vaults_shuriken, layout_vaults_big_cross
Vaults:4: ontoclasm_vaults_claustrophobia, v_alt_pattern_4,
          nicolae_vaults_back_hallway, ontoclasm_vaults_idyll,
          nicolae_vaults_little_squares_3, nicolae_vaults_yaktaur_gun_rack,
          nicolae_vaults_mini_display_case, layout_vaults_big_room, serial_glass
Vaults:5: uniq_boris
Depths:1: layout_gridville, enter_ziggurat_c, glass_columns_c, hell_entry,
          nicolae_transmutations_shop, fake_guardian_serpent_vault
Depths:2: nzn_winding_woodlands_medium [nzn_winding_woodlands_5x5_open_star,
          nzn_winding_woodlands_5x15_parted, nzn_winding_woodlands_5x5_cross,
          nzn_winding_woodlands_5x5_default, nzn_winding_woodlands_center_lodge,
          nzn_winding_woodlands_5x5_closed_star,
          nzn_winding_woodlands_hourglass, nzn_winding_woodlands_5x15_pockets,
          nzn_winding_woodlands_5x5_three], layout_cross, minmay_misc_feat_five,
          abyss_entry, grunt_hell_entry_dis_old, nicolae_take_the_stairs,
          infiniplex_staircase_zigzag_1
Depths:3: grunt_deathspiral_small, layout_long_grid, hangedman_decor_push,
          rand_demon_pan_entry_4, pf_hell_entry_tar_river, led_sif_pool,
          uniq_margery
Depths:4: minmay_concentric_multi, layout_cave_pools, serial_shops,
          kennysheep_mini_moat, rand_demon_pan_entry_5, hell_entry,
          eino_curves_02, abyss_entry
Depths:5: grunt_zot_entry_gee_three, layout_gridville, dk_noncrumbling_4,
          lightli_too_deep, pan_entry

Skill      XL: |  1  2  3  4  5  6  7  8  9 10 11 12 13 14 15 16 17 18 19 20 21 22 23 24 25 26 |
---------------+-------------------------------------------------------------------------------+-----
Short Blades   | 1 2 3 4 5 6 7 8 9 10 11 12 13 14 15 16 17 | 17.1
Long Blades    | 1 2 3 4 5 6 7 9 10 11 13 14 15 16 17 18 19 20 21 | 21.8
Axes           | 1 2 3 4 5 6 7 8 9 10 11 12 13 14 15 16 17 | 17.1
Maces & Flails | 1 2 3 4 5 6 7 8 9 10 11 12 13 14 15 16 17 | 17.1
Polearms       | 1 2 3 4 5 6 7 8 9 10 11 12 13 14 15 16 17 | 17.1
Staves         | 1 2 3 4 5 6 7 8 9 10 11 12 13 14 15 16 17 | 17.1
Slings         | 1 2 3 4 5 6 7 8 9 10 11 12 13 14 15 16 17 | 17.1
Crossbows      | 1 2 3 4 5 6 7 8 9 10 11 12 13 14 15 16 17 | 17.1
Throwing       | 1 2 3 4 5 6 7 8 9 10 11 12 13 14 15 16 17 | 17.1
Armour         | 1 2 3 4 5 6 7 8 9 10 11 12 13 14 15 16 17 | 17.1
Stealth        | 1 2 3 4 5 6 7 8 9 10 11 12 13 14 15 16 17 | 17.1
Shields        | 1 2 3 4 5 6 7 8 9 10 11 12 13 14 15 16 17 | 17.1
Unarmed Combat | 1 2 3 4 5 6 7 8 9 10 11 12 13 14 15 16 17 | 17.1
Invocations    | 1 2 3 4 5 6 7 8 9 10 11 12 13 14 15 16 17 18 19 20 21 | 21.6
Evocations     | 1 2 3 4 5 6 7 8 9 10 11 12 13 14 15 16 17 | 17.1
Spellcasting   | 3 4 5 6 7 8 9 10 11 12 13 14 15 16 17 | 17.3
Conjurations   | 1 2 3 4 5 6 7 8 9 10 11 12 13 14 | 14.8
Summonings     | 1 2 3 4 5 6 7 8 9 10 11 12 13 14 | 14.8
Necromancy     | 1 2 3 4 5 6 7 8 9 10 11 12 13 14 | 14.8
Translocations | 1 2 3 4 5 6 7 8 9 10 11 12 13 14 | 14.8
Transmutations | 1 2 3 4 5 6 7 8 9 10 11 12 13 14 | 14.8
Fire Magic     | 1 2 3 4 5 6 7 8 9 10 11 12 13 14 | 14.8
Ice Magic      | 1 2 3 4 5 6 7 8 9 10 11 12 13 14 | 14.8
Air Magic      | 1 2 3 4 5 6 7 8 9 10 11 12 13 14 | 14.8
Earth Magic    | 1 2 3 4 5 6 7 8 9 10 11 12 13 14 | 14.8
Poison Magic   | 1 2 3 4 5 6 7 8 9 10 11 12 13 14 | 14.8
Fighting       | 3 4 5 6 7 8 9 10 11 12 13 14 15 16 17 | 17.3
Bows           | 5 6 7 8 9 10 11 12 13 14 15 16 17 | 17.6
Dodging        | 5 6 7 8 9 10 11 12 13 14 15 16 17 18 19 20 | 20.5
Hexes          | 6 7 8 9 10 11 12 13 14 15 | 15.5

Action                   |  1- 3 |  4- 6 |  7- 9 | 10-12 | 13-15 | 16-18 | 19-21 | 22-24 | 25-27 || total
-------------------------+-------+-------+-------+-------+-------+-------+-------+-------+-------++-------
Melee: Flail             |       |   107 |   437 |  1042 |       |       |       |       |       ||  1586
       Bite              |       |     4 |    45 |   113 |   242 |   339 |   373 |   344 |   149 ||  1609
       Punch             |       |     1 |     4 |       |       |       |       |       |    32 ||    37
       Trident           |       |       |       |   164 |  2235 |  1886 |  2086 |  1866 |  1023 ||  9260
       Unarmed           |       |       |       |       |       |       |       |       |   324 ||   324
 Fire: Shortbow          |    90 |    50 |       |       |       |       |       |       |       ||   140
Throw: Boomerang         |       |       |       |       |       |    41 |    14 |       |     2 ||    57
 Cast: Foxfire           |     7 |       |       |       |     1 |       |       |       |       ||     8
       Corona            |     1 |       |       |       |       |       |       |       |       ||     1
       Wereblood         |       |       |       |       |     6 |       |    20 |    11 |     2 ||    39
       Freezing Cloud    |       |       |       |       |       |     8 |     4 |     4 |     5 ||    21
       Olgreb's Toxic Ra |       |       |       |       |       |    48 |    36 |    14 |    11 ||   109
       Tukima's Dance    |       |       |       |       |       |     2 |       |       |       ||     2
       Statue Form       |       |       |       |       |       |       |       |     4 |       ||     4
       Storm Form        |       |       |       |       |       |       |       |       |    26 ||    26
Invok: Curse Item        |       |       |     2 |     3 |     3 |     2 |       |     1 |     1 ||    12
       Shatter the Chain |       |       |     1 |       |     2 |     2 |       |     1 |       ||     6
 Abil: Blinkbolt         |       |       |       |       |       |       |       |       |     5 ||     5
Evoke: Wand              |       |       |       |    21 |       |     1 |     1 |     1 |     2 ||    26
       Lightning rod     |       |       |       |       |       |     1 |     1 |       |       ||     2
       Tin of tremorston |       |       |       |       |       |     1 |       |     2 |     2 ||     5
       Condenser vane    |       |       |       |       |       |     1 |     1 |     8 |     2 ||    12
       Box of beasts     |       |       |       |       |       |       |       |     1 |       ||     1
       Phantom mirror    |       |       |       |       |       |       |       |     1 |       ||     1
  Use: Scroll            |     2 |     3 |     3 |     1 |     7 |     5 |       |     6 |     1 ||    28
       Potion            |       |     2 |     1 |     3 |     4 |     3 |     1 |    14 |     7 ||    35
 Stab: Sleeping          |       |       |       |       |    15 |    16 |    20 |    19 |     7 ||    77
       Distracted        |       |       |       |       |     2 |     3 |     2 |     3 |     3 ||    13
       Confused          |       |       |       |       |       |       |       |       |     1 ||     1
Armor: Robe              |       |    10 |       |       |       |       |       |       |       ||    10
       Chain mail        |       |   150 |   615 |  1292 |  1437 |   963 |   658 |   893 |   413 ||  6421
       Skin              |       |       |    30 |       |       |       |       |     3 |    76 ||   109
Dodge: Dodged            |    32 |    74 |   318 |   846 |   908 |  1092 |   765 |   751 |   794 ||  5580
       Repelled          |       |       |       |       |       |     9 |    14 |    18 |    14 ||    55
Block: Buckler           |       |       |    34 |   562 |   770 |       |       |       |       ||  1366
       Kite shield       |       |       |       |       |    34 |  1503 |  1159 |  1076 |   563 ||  4335
